 Dungeon Crawl Stone Soup version 0.24-a0-446-g87df7205b4 (webtiles) character file.

Game seed: 6704829620255681494

2130 Elric the Thrower (level 9, -14/74 HPs)
             Began as a Minotaur Hunter on June 24, 2019.
             Was a Believer of Yredelemnul.
             Splashed by Pikel's acid (15 damage)
             ... on level 6 of the Dungeon.
             The game lasted 00:19:49 (8011 turns).

Elric the Thrower (Minotaur Hunter)                 Turns: 8011, Time: 00:19:52

Health: -14/74     AC: 10    Str: 23    XL:     9   Next: 8%
Magic:  11/11      EV: 10    Int:  8    God:    Yredelemnul [**....]
Gold:   185        SH:  0    Dex: 18    Spells: 8/8 levels left

rFire    + + .     SeeInvis .   g - +0 short sword (venom)
rCold    + + .     Gourm    .   (no shield)
rNeg     . . .     Faith    .   A - +0 gold dragon scales
rPois    +         Spirit   .   t - +1 hat
rElec    .         Reflect  .   p - scarf {rC+ rF+}
rCorr    .         Harm     .   (no gloves)
MR       .....                  (no boots)
Stlth    ..........             (no amulet)
HPRegen  0.22/turn              (no ring)
MPRegen  0.12/turn              (no ring)

@: mighty, agile, corroded
A: retaliatory headbutt, horns 2
a: Animate Remains, Recall Undead Slaves, Injury Mirror, Renounce Religion


You were on level 6 of the Dungeon.
You worshipped Yredelemnul.
Yredelemnul was pleased with you.
You were not hungry.

You visited 1 branch of the dungeon, and saw 7 of its levels.
You also visited: Sewer.

You collected 185 gold pieces.

Inventory:

Hand Weapons
 a - a +0 short sword
 g - a +0 short sword of venom (weapon)
Missiles
 d - a throwing net
 e - 3 javelins (quivered)
 y - 38 stones
Armour
 p - a scarf of resistance (worn)
 t - a +1 hat (worn)
 A - +0 gold dragon scales (worn)
Scrolls
 h - 6 scrolls of amnesia
 o - 2 scrolls of magic mapping {unknown}
 q - 3 scrolls of remove curse
 r - 3 scrolls of fear {unknown}
 u - 3 scrolls of fog {unknown}
 v - 4 scrolls of teleportation
 x - a scroll of random uselessness {unknown}
 C - 3 scrolls of blinking {unknown}
Potions
 c - a potion of cancellation {unknown}
 i - a potion of mutation {unknown}
 j - a potion of brilliance {unknown}
 l - a potion of might
 m - a potion of magic {unknown}
 n - 3 potions of flight
 s - 2 potions of degeneration {unknown}
 z - a potion of resistance {unknown}
 B - 2 potions of curing {unknown}
Comestibles
 f - 10 rations


   Skills:
 + Level 5.1 Fighting
 + Level 10.0 Throwing
 + Level 2.8 Armour
 - Level 3.6 Dodging
 - Level 0.7 Stealth
 * Level 5.2 Invocations


You had 8 spell levels left.
You didn't know any spells.
Your spell library contained the following spells:

 Spells                   Type           Power        Failure   Level  Hunger
 Freeze                   Ice            #...         100%        1    ##.....
 Throw Frost              Conj/Ice       #.....       100%        2    ###....
 Ozocubu's Armour         Chrm/Ice       #.......     100%        3    ####...
 Summon Ice Beast         Ice/Summ       #.......     100%        4    #####..
 Throw Icicle             Conj/Ice       #.......     100%        4    #####..


Dungeon Overview and Level Annotations

Branches:
Dungeon (7/15)
 Temple: D:4-7

Altars:
Ashenzari
Cheibriados
Elyvilon
Gozag
Makhleb
Trog
Vehumet
Yredelemnul

Annotations:
D:3 2 transporters
D:6 Pikel


Innate Abilities, Weirdness & Mutations

You reflexively headbutt those who attack you in melee.
You have a pair of horns on your head.


Message History

Pikel hits your gnoll zombie with a +0 whip of electrocution!
Your worker ant zombie completely misses Pikel.
Pikel hits your worker ant zombie with a +0 whip of electrocution.
Your gnoll zombie barely misses Pikel.
Your worker ant zombie completely misses Pikel.
Pikel zaps a wand.
The bolt of acid hits your worker ant zombie!
Your worker ant zombie is splashed with acid.
The acid corrodes your worker ant zombie!
Your worker ant zombie is destroyed!
The bolt of acid hits you!
You are splashed with acid!
* * * LOW HITPOINT WARNING * * *
It was a potion of agility.
You feel agile all of a sudden.
Your gnoll zombie hits Pikel with a +2 whip of pain.
Pikel zaps a wand.
The bolt of acid hits you!
* * * LOW HITPOINT WARNING * * *
The acid corrodes you!
You are splashed with acid!
You die...
Your body rises from the dead as a mindless zombie.

#..#####...#
###...### ##.##
##...###..####
##### #..#
#...##...##
#...## ##..#
##..###..##
.....## ##).##
##..## #..#
......###.Z##
#..## #..##
..###.....## #..#
##..####### ..#
##.Z..# #..#
#...)).... ..#
#Z...## #@>##
###....... ..#
##Z....## ##ZK#
#######. ..#
#.Z###..## #..##
## ..###..#
##..####...# #
.....Z##
##...#....# #
##...Z#
#.......## #
###.Z## ##.....##
##
##Z.#####<.....##
#.
##Z...#.).####..#
##Z


You could see Pikel and a friendly gnoll zombie.

Vanquished Creatures
  Sigmund (D:3)
  Duvessa (D:4)
  2 ice beasts
  2 ogres
  2 centaurs (D:6)
  2 big kobolds (Sewer)
  Dowan (D:4)
  A water moccasin zombie (D:5)
  3 scorpions
  A crimson imp (D:5)
  2 hounds (D:4)
  A centaur skeleton (D:5)
  A bullfrog skeleton (D:5)
  An iguana (D:4)
  2 orc priests (D:4)
  Jessica (D:2)
  2 orc wizards
  4 worker ants
  Terence (D:2)
  3 gnolls (D:6)
  12 adders
  A river rat (Sewer)
  2 shadow imps
  An adder skeleton (D:6)
  7 worms
  A dart slug (D:2)
  4 leopard geckos
  21 orcs
  9 giant cockroaches
  3 goblins (D:1)
  9 hobgoblins
  9 jackals
  2 quokkas (D:4)
  A ball python (Sewer)
  A bat (D:2)
  2 frilled lizards (D:2)
  5 kobolds (Sewer)
  A leopard gecko skeleton (D:6)
  5 rats
130 creatures vanquished.

Vanquished Creatures (collateral kills)
  A water moccasin (D:6)
  A phantom (D:6)
  A necrophage (D:6)
  A bullfrog skeleton (D:6)
4 creatures vanquished.

Vanquished Creatures (others)
  An orc wizard (D:4)
  A worker ant zombie (D:6)
  An adder zombie (D:6)
  4 orc zombies
7 creatures vanquished.

Grand Total: 141 creatures vanquished

Notes
Turn   | Place    | Note
-------+----------+-------------------------------------------
     0 | D:1      | Elric the Minotaur Hunter began the quest for the Orb.
     0 | D:1      | Reached XP level 1. HP: 18/18 MP: 0/0
   349 | D:1      | Reached XP level 2. HP: 25/25 MP: 1/1
   553 | D:2      | Found an opulent altar of Gozag.
   630 | D:2      | Noticed Jessica
   664 | D:2      | Killed Jessica
   664 | D:2      | Reached skill level 5 in Throwing
   664 | D:2      | Reached XP level 3. HP: 28/30 MP: 2/2
   717 | D:2      | Found a basalt altar of Yredelemnul.
   718 | D:2      | Found a radiant altar of Vehumet.
   831 | D:2      | Became a worshipper of Yredelemnul the Dark
  1024 | D:2      | Noticed Terence
  1033 | D:2      | Killed Terence
  1033 | D:2      | Reached XP level 4. HP: 37/37 MP: 3/3
  1543 | D:3      | Found a shattered altar of Ashenzari.
  1569 | D:3      | Noticed Sigmund
  1744 | D:3      | Killed Sigmund
  1744 | D:3      | Reached skill level 7 in Throwing
  1744 | D:3      | Reached XP level 5. HP: 34/42 MP: 4/4
  1793 | D:3      | Found a transporter.
  1815 | D:3      | Found a transporter.
  1967 | D:3      | Found a white marble altar of Elyvilon.
  2005 | D:3      | Reached XP level 6. HP: 47/50 MP: 5/5
  2036 | D:3      | Reached * piety under Yredelemnul
  2322 | D:3      | Found a snail-covered altar of Cheibriados.
  2441 | D:4      | Noticed Duvessa
  2457 | D:4      | Noticed Dowan
  2464 | D:4      | Killed Duvessa
  2464 | D:4      | Reached skill level 8 in Throwing
  2521 | D:4      | Killed Dowan
  2521 | D:4      | Reached XP level 7. HP: 35/56 MP: 6/6
  2734 | D:4      | Reached skill level 9 in Throwing
  3060 | D:4      | Reached skill level 1 in Invocations
  3225 | D:4      | Found a bloodstained altar of Trog.
  3490 | D:5      | Entered Level 5 of the Dungeon
  3558 | D:5      | Reached XP level 8. HP: 44/63 MP: 8/8
  3647 | D:5      | Reached ** piety under Yredelemnul
  3658 | D:5      | Found a glowing drain.
  3697 | Sewer    | Entered a sewer
  4679 | D:5      | Noticed a gargoyle
  6235 | D:6      | Reached skill level 1 in Armour
  7134 | D:6      | Reached skill level 10 in Throwing
  7134 | D:6      | Reached skill level 5 in Invocations
  7228 | D:6      | Reached skill level 5 in Fighting
  7228 | D:6      | Reached XP level 9. HP: 56/73 MP: 11/11
  7408 | D:6      | Found a burning altar of Makhleb.
  7748 | D:7      | Noticed Pikel
  8011 | D:6      | HP: 1/74 [Pikel/bolt of acid (17)]
  8011 | D:6      | Splashed by Pikel's acid

Levels and vault maps discovered:
D:1:      dpeg_arrival_court, layout_rooms
D:2:      layout_basic, chequers_temple_overflow_statue_of_worship,
          grunt_gozag_breadcrumbs, uniq_jessica, uniq_terence
D:3:      gammafunk_wand_slinger, layout_basic, lemuel_crystal_altar,
          grunt_temple_overflow_open, item_on_display_a, uniq_sigmund
D:4:      layout_loops_ring, overflow_temple_1_default, uniq_duvessa
D:5:      layout_loops_ring, gup_sewer_entry_glass, first_ration,
          kennysheep_generic_room_16
D:6:      layout_layer_cave, bloody_makhleb
D:7:      layout_rooms, minmay_temple_entry_proselytizer, serial_shops,
          nicolae_shop_trees, kennysheep_mini_moat, nicolae_shop_stone, shop,
          the_bakery, uniq_pikel

Skill      XL: |  1  2  3  4  5  6  7  8 |
---------------+-------------------------+-----
Throwing       | 5 7 8 9 10 | 10.0
Invocations    | 2 5 |  5.2
Fighting       | 3 5 |  5.1
Dodging        | 3 |  3.6
Armour         | 2 |  2.8
Stealth        | |  0.7

Action                   |  1- 3 |  4- 6 |  7- 9 || total
-------------------------+-------+-------+-------++-------
Melee: Short sword       |    39 |   109 |   425 ||   573
       Headbutt          |     7 |    13 |    78 ||    98
Throw: Javelin           |    14 |    15 |    24 ||    53
       Throwing net      |       |     3 |       ||     3
       Stone             |       |       |    84 ||    84
Invok: Animate Remains   |       |       |     7 ||     7
       Recall Undead Sla |       |       |     2 ||     2
  Use: Scroll            |     1 |       |     4 ||     5
       Potion            |       |     4 |     4 ||     8
 Stab: Held in net/web   |       |     1 |       ||     1
  Eat: Chunk             |       |     1 |    10 ||    11
       Ration            |       |     1 |     4 ||     5
Armor: Scale mail        |     8 |       |       ||     8
       Leather armour    |     1 |       |       ||     1
       Chain mail        |     5 |    59 |    21 ||    85
       Gold dragon scale |       |       |   416 ||   416
Dodge: Dodged            |    27 |    24 |    33 ||    84

Table legend:
 A = Non-vault XP
 B = Vault XP
 C = Vault XP percentage of total XP
 D = Non-vault monster count
 E = Vault monster count
 F = Vault count percentage of total count
                 A         B        C        D         E       F
            +---------+---------+-------+---------+---------+-------
      Total |    2186 |     857 |  28.2 |     105 |      30 |  22.2
            +---------+---------+-------+---------+---------+-------
        D:1 |      12 |       0 |   0.0 |       6 |       0 |   0.0
        D:2 |      52 |      69 |  57.0 |      16 |       2 |  11.1
        D:3 |      51 |     231 |  81.9 |      16 |       1 |   5.9
        D:4 |     697 |     228 |  24.6 |      22 |       2 |   8.3
        D:5 |     478 |      33 |   6.5 |      21 |       5 |  19.2
        D:6 |     896 |       0 |   0.0 |      24 |       0 |   0.0
      Sewer |       0 |     296 | 100.0 |       0 |      20 | 100.0
            +---------+---------+-------+---------+---------+-------
